 Dungeon Crawl Stone Soup version 0.31-a0-931-g7b59d4eb97 (webtiles) character file.

Game seed: 12904712066012037464

747 mortress the Changeling (level 7, -2/135 HPs)
             Began as a White Draconian Shapeshifter on Oct 19, 2023.
             Was an Initiate of Ru.
             Succumbed to an orc warrior's poison
             ... on level 5 of the Dungeon.
             The game lasted 00:16:42 (5335 turns).

mortress the Changeling (DrSh)                      Turns: 5335, Time: 00:16:42

Health: -2/135     AC: 23    Str: 19    XL:     7   Next: 48%
Magic:  7/7        EV:  2    Int: 10    God:    Ru [......]
Gold:   331        SH:  0    Dex: 10    Spells: 6/6 levels left

rFire   . .          .
                       - Unarmed
rCold   . . .        (no shield)
rNeg    . . .        (body armour unavailable)
rPois   +            (helmet currently unavailable)
rElec   .            (cloak currently unavailable)
rCorr   .            (gloves currently unavailable)
SInv    .            (boots currently unavailable)
Will    .....        j - amulet of the acrobat Stlth
                     (no ring)
HPRegen 0.42/turn    (no ring)
MPRegen 0.10/turn

%: acrobat
@: berserking, lethally poisoned (-2 -> -19), short of breath, tree-form,
acrobatic, very quick
A: stationary, stasis, torment immunity, boosted hp, (breathe frost), AC +6,
unfitting armour, (cold resistance 1), (cold-blooded)
a: Renounce Religion


You were on level 5 of the Dungeon.
You worshipped Ru.
Ru was noncommittal.
You were a tree.
You visited 2 branches of the dungeon, and saw 7 of its levels.

You collected 331 gold pieces.

Inventory:

Jewellery
 j - an amulet of the acrobat (around neck)
Talismans
 b - a beast talisman
 c - a flux talisman
Scrolls
 d - a scroll of revelation {unknown}
 e - a scroll of enchant weapon {unknown}
 f - a scroll of torment {unknown}
 h - a scroll of enchant armour {unknown}
 i - 9 scrolls of identify {unknown}
 k - a scroll of blinking {unknown}
 l - a scroll of poison {unknown}
 o - 2 scrolls of fear {unknown}
 q - a scroll of teleportation {unknown}
 r - a scroll of immolation {unknown}
Potions
 a - a potion of lignification
 g - a potion of might {unknown}
 m - a potion of berserk rage
 n - a potion of haste {unknown}
 p - a potion of invisibility {unknown}
 s - a potion of curing {unknown}


   Skills:
 + Level 4.4 Fighting
 + Level 4.0 Dodging
 + Level 4.9 Unarmed Combat
 * Level 5.1 Shapeshifting


You had 6 spell levels left.
You didn't know any spells.
Your spell library contained the following spells:

 Spells                   Type           Power      Damage    Failure   Level
 Cigotuvi's Dreadful Rot  Necr/Pois/Air  0%         N/A       50%         2
 Ignite Poison            Fire/Tmut/Pois 0%         N/A       75%         3
 Freezing Cloud           Conj/Ice/Air   0%         6-21      100%        5


Dungeon Overview and Level Annotations

Branches:
Dungeon (6/15)             Temple (1/1) D:4

Altars:
Ashenzari
Cheibriados
Dithmenos
Elyvilon
Fedhas
Gozag
Kikubaaqudgha
Makhleb
Nemelex Xobeh
Okawaru
Qazlal
Ru
Sif Muna
Trog
Uskayaw
Wu Jian
Yredelemnul

Annotations:
D:4 1 runed translucent door, bchevrier's ghost, novice GnWn


Innate Abilities, Weirdness & Mutations

You are a tree.
Your roots penetrate the ground, keeping you stationary.
You cannot be teleported.
You are immune to unholy pain and torment.
Your maximum health is greatly increased.
Your equipment is partially melded.
((You can breathe waves of freezing cold which knock back foes.))
((Your icy white scales are hard. (AC +6)))
You cannot fit into any form of body armour.
((Your flesh is cold resistant. (rC+)))
((You are cold-blooded and may be slowed by cold attacks.))


Message History

You barely miss the orc warrior.
The orc warrior hits you with a +2 short sword of venom!
You are poisoned.
You hit the orc warrior.
The orc warrior is lightly wounded.
You feel very sick.
The orc warrior hits you with a +2 short sword of venom!
* * * LOW HITPOINT WARNING * * *
You are lethally poisoned!
* * * LOW HITPOINT WARNING * * *
You feel very sick.
Aiming: Breathe Frost (5% risk of failure)
Press: ? - help, Shift-Dir - straight line, f - orc warrior
Aim: an orc warrior, wielding a +2 short sword of venom and wearing a +0 plate armour (lightly wounded, 68% to hit)
You exhale a wave of freezing cold.
The freezing breath hits the orc warrior!
The orc warrior is moderately wounded.
The orc warrior is knocked back by the freezing wind.
The orc warrior slams into the rock wall!
The freezing breath hits the orc warrior.
The orc warrior is heavily wounded.
* * * LOW HITPOINT WARNING * * *
You feel very sick.
Your transformation has ended.
You turn into a tree.
Your roots penetrate the ground.
* * * LOW HITPOINT WARNING * * *
You feel very sick.
It was a potion of berserk rage.
A red film seems to cover your vision as you go berserk!
You feel yourself moving faster!
You feel mighty!
You feel sick.
The orc warrior hits you with a +2 short sword of venom!
* * * LOW HITPOINT WARNING * * *
You are more poisoned.
You are too berserk!
You smack the orc warrior!
You kill the orc warrior!
* * * LOW HITPOINT WARNING * * *
You feel very sick.
Your Dodging skill increases to level 4!
You die...

......###..........#
..........##.......##
........####........#
......### #........#
....### #........#
##### ##...))..# #
##......# ####
##..)[.# ###..#
##♣).## ##....##
##>#.###......##
###.##........#
##..........#
##..........#
#...........#
#.>.........#
##..........# #####
##........##


There were no monsters in sight!

Vanquished Creatures
  An orc warrior (D:5)
  An ice beast (D:5)
  An ogre (D:4)
  A gnoll sergeant (D:5)
  A howler monkey (D:5)
  An orc priest (D:5)
  A hound (D:5)
  A jelly (D:5)
  Terence (D:3)
  2 iguanas (D:5)
  3 adders
  8 gnolls
  A white imp (D:5)
  4 worms
  A dart slug (D:4)
  9 orcs
  12 endoplasms
  A giant cockroach (D:4)
  4 goblins
  8 hobgoblins
  4 jackals (D:3)
  4 quokkas
  5 ball pythons
  4 bats
  2 frilled lizards
  11 kobolds
  4 rats
96 creatures vanquished.

Notes
Turn   | Place    | Note
-------+----------+-------------------------------------------
     0 | D:1      | mortress the Draconian Shapeshifter began the quest for the
                  | Orb.
     0 | D:1      | Reached XP level 1. HP: 16/16 MP: 1/1
   289 | D:1      | Reached XP level 2. HP: 22/23 MP: 2/2
   634 | D:2      | Found a shadowy altar of Dithmenos.
   994 | D:2      | Reached XP level 3. HP: 18/29 MP: 3/3
  1465 | D:2      | Found a faded altar of an unknown god.
  1803 | D:3      | Reached XP level 4. HP: 36/36 MP: 4/4
  2126 | D:3      | Noticed Terence
  2137 | D:3      | Killed Terence
  2406 | D:4      | Reached XP level 5. HP: 38/44 MP: 5/5
  2536 | D:4      | Found a staircase to the Ecumenical Temple.
  2559 | D:4      | Noticed an ogre
  2807 | D:4      | Found a sparkling altar of Nemelex Xobeh.
  3091 | D:4      | Found a runed translucent door.
  3092 | D:4      | Noticed bchevrier's ghost (novice GnWn)
  3136 | D:5      | Entered Level 5 of the Dungeon
  3325 | D:5      | Noticed an ogre
  3339 | D:4      | Killed an ogre
  3340 | D:4      | Reached skill level 4 in Shapeshifting
  3340 | D:4      | Reached XP level 6. HP: 51/51 MP: 6/6
  3746 | D:5      | Noticed an ice beast
  3818 | Temple   | Entered the Ecumenical Temple
  3857 | Temple   | Became a worshipper of Ru the Awakened
  4167 | D:5      | Killed an ice beast
  4420 | D:6      | Your scales start taking on an icy white colour.
  4420 | D:6      | Reached XP level 7. HP: 46/59 MP: 7/7
  4420 | D:6      | Gained mutation: Your flesh is cold resistant. (rC+) [White
                  | Draconian growth]
  5328 | D:5      | Reached skill level 5 in Shapeshifting
  5333 | D:5      | HP: 3/132 [orc warrior/+2 short sword of venom (8)]
  5334 | D:5      | HP: 1/132 [poisoned by an orc warrior]
  5335 | D:5      | Succumbed to an orc warrior's poison

Illustrated notes

Levels and vault maps discovered:
D:1:      dpeg_arrival_windows_large_door, layout_basic
D:2:      layout_rooms, basic_altar, shapermc_ecumenical_altar_mp_vishouse
D:3:      layout_loops_ring, uniq_terence
D:4:      layout_basic, nemelex_altar_shiori, minmay_temple_entry_crystal_x,
          ebering_ghost_sewer_d
D:5:      layout_cave_pods, corner_web_ring
D:6:      layout_rooms, nicolae_vehumet_altar_sigil, minmay_misc_feat_nine_boxes
Temple:   hellmonk_temple_two_chambers

Skill      XL: |  1  2  3  4  5  6  7 |
---------------+----------------------+-----
Dodging        | 2 3 4 |  4.0
Fighting       | 2 3 4 |  4.4
Unarmed Combat | 4 |  4.9
Shapeshifting  | 4 5 |  5.1

Action                     |  1- 3 |  4- 6 |  7- 9 || total
---------------------------+-------+-------+-------++-------
  Melee: Unarmed           |   127 |   159 |    28 ||   314
         Tailslap          |    13 |    20 |     4 ||    37
         Punch             |     3 |     2 |     1 ||     6
Ability: Breathe Frost     |       |       |     2 ||     2
    Use: Potion            |       |       |     3 ||     3
   Stab: Sleeping          |     1 |     3 |       ||     4
 Armour: Skin              |    69 |    70 |    33 ||   172
  Dodge: Dodged            |    86 |    90 |    15 ||   191

Table legend: (Time is in decaauts)
 A = Elapsed time spent in this place.
 B = Non-inter-level travel time spent in this place.
 C = Inter-level travel time spent in this place.
 D = Time resting spent in this place.
 E = Time spent auto-exploring this place.
 F = Levels seen in this place.
 G = Mean time per level.
                   A        B        C        D        E       F      G
               +--------+--------+--------+--------+--------+-----+--------+
         Total |   5327 |   4996 |    331 |    229 |   3756 |   7 |  761.0 |
       Dungeon |   5278 |   4947 |    331 |    229 |   3756 |   6 |  879.7 |
        Temple |     48 |     48 |      0 |      0 |      0 |   1 |   48.0 |
               +--------+--------+--------+--------+--------+-----+--------+

Top non-repeatable levels by time:
     D:5: 2016 daAuts
     D:4: 963 daAuts
     D:1: 928 daAuts
     D:3: 727 daAuts
     D:2: 611 daAuts
  Temple: 48 daAuts
     D:6: 32 daAuts
